 Dungeon Crawl Stone Soup version 0.24.0-37-gcf1ca852f1 (webtiles) character file.

Game seed: 7434175529281486087, levelgen mode: deterministic

10742 Amplified the Spear-Bearer (level 11, -4/87 HPs)
             Began as a White Draconian Chaos Knight on Dec 3, 2019.
             Was a Plaything of Xom.
             Slain by a freezing wraith (13 damage)
             ... in an ice cave.
             The game lasted 00:14:30 (9263 turns).

Amplified the Spear-Bearer (DrCK)                   Turns: 9263, Time: 00:14:30

Health: -4/87      AC: 11    Str: 14    XL:     11   Next: 40%
Magic:  13/13      EV: 16    Int: 13    God:    Xom [..*...]
Gold:   265        SH:  6    Dex: 16    Spells: 8/10 levels left

rFire    + . .     SeeInvis +   v - +11 spear of the Hall of Blades {venom, +Inv MR+ SInv}
rCold    + + .     Gourm    .   s - +1 buckler
rNeg     . . .     Faith    .   (armour unavailable)
rPois    +         Spirit   .   (helmet restricted)
rElec    .         Reflect  .   x - +1 cloak {rPois}
rCorr    .         Harm     .   (no gloves)
MR       +....                  q - +1 pair of boots {Stlth+}
Stlth    ++........             (no amulet)
HPRegen  0.24/turn              g - ring of protection from fire
MPRegen  0.13/turn              o - ring "Naid" {Wiz Dex+4}

@: no status effects
A: breathe frost, unfitting armour, beak, blurry vision 2, clumsy 1, cold
resistance 2, frail 1, sense surroundings 1, cold-blooded, AC +7
a: Breathe Frost, Renounce Religion, Evoke Invisibility


You were in an ice cave.
You worshipped Xom.
You were a toy of Xom.
You were not hungry.

You visited 1 branch of the dungeon, and saw 11 of its levels.
You also visited: Ice Cave.

You collected 485 gold pieces.
You spent 220 gold pieces at shops.

Inventory:

Hand Weapons
 a - a +0 spear of chaos
 f - a +3 war axe of venom
 v - the +11 spear of the Hall of Blades (weapon) {venom, +Inv MR+ SInv}
   (You found it on level 7 of the Dungeon)

   It poisons the flesh of those it strikes.
   It affects your resistance to hostile enchantments.
   It lets you see invisible.
   It lets you turn invisible.
 w - a +0 halberd
Missiles
 t - a throwing net
 u - a javelin (quivered)
 D - 7 curare-tipped darts
Armour
 d - a scarf of spirit shield
 q - a +1 pair of boots of stealth (worn)
 s - a +1 buckler (worn)
 x - a +1 cloak of poison resistance (worn)
Jewellery
 g - a ring of protection from fire (left hand)
 l - an uncursed ring of fire
 o - the ring "Naid" (right hand) {Wiz Dex+4}
   (You took it off a crimson imp on level 9 of the Dungeon)

   [ring of wizardry]

   It improves your spell success rate.
   It affects your dexterity (+4).
Wands
 c - a wand of iceblast (9)
 j - a wand of digging (2)
 y - a wand of random effects (24)
Scrolls
 i - 6 scrolls of remove curse
 k - a scroll of noise
 n - a scroll of identify
 p - a scroll of fog
 z - a scroll of amnesia
 A - a scroll of teleportation
 C - a scroll of fear
Potions
 e - 5 potions of curing
 m - 4 potions of flight
 r - 3 potions of cancellation
 B - a potion of brilliance
Comestibles
 b - 17 rations


   Skills:
 * Level 9.1 Fighting
 - Level 14.0 Polearms
 * Level 5.7 Dodging
 - Level 4.6 Shields
 * Level 2.6 Evocations


You had 8 spell levels left.
You knew the following spells:

 Your Spells              Type           Power        Failure   Level  Hunger
a - Confusing Touch       Hex            #.....       12%         1    ##.....
b - Apportation           Tloc           #.....       12%         1    ##.....

Your spell library contained the following spells:

 Spells                   Type           Power        Failure   Level  Hunger
 Animate Skeleton         Necr           N/A          12%         1    ##.....
 Sandblast                Erth           #.....       12%         1    ##.....
 Summon Small Mammal      Summ           #...         12%         1    ##.....
 Passwall                 Tmut/Erth      #.......     19%         2    ###....
 Stone Arrow              Conj/Erth      #.....       34%         3    ####...
 Petrify                  Tmut/Erth      #.......     73%         4    #####..
 Bolt of Magma            Conj/Fire/Erth #.........   96%         5    ######.
 Iskenderun's Battlesphe  Conj/Chrm      #.......     96%         5    ######.
 Lee's Rapid Deconstruct  Erth           #.........   96%         5    ######.
 Venom Bolt               Conj/Pois      #.........   96%         5    ######.
 Iron Shot                Conj/Erth      #.........   100%        6    #######
 Orb of Destruction       Conj           #.........   100%        7    #######
 Spellforged Servitor     Conj/Summ      #.........   100%        7    #######


Dungeon Overview and Level Annotations

Branches:
Dungeon (11/15)            Temple (0/1) D:4            Lair (0/6) D:11
    Orc (0/2) D:11          IceCv (1/1)

Altars:
Hepliaklqana
Makhleb
Nemelex Xobeh
Xom
Zin

Shops:
D:4 %   D:7 %   D:9 *   D:10 [

Annotations:
D:5 1 runed translucent door, Delarado's ghost, novice CeAM
D:9 exclusion: obsidian statue IceCv exclusion: ice statue


Innate Abilities, Weirdness & Mutations

You can breathe waves of freezing cold.
You can buffet flying creatures when you breathe cold.
Your icy white scales are hard. (AC +7)
You cannot fit into any form of body armour.
Your flesh is very cold resistant. (rC++)
You are cold-blooded and may be slowed by cold attacks.
You have a beak for a mouth.
Scrolls take you longer to read.
You are clumsy. (Dex -2)
You are frail. (-10% HP)
You passively map a small area around you.


Message History

The freezing wraith hits you but does no damage.
Attack whom?
Press: ? - help, Dir - move target cursor, f/p - freezing wraith
Aim: a freezing wraith (almost destroyed)
You hit the freezing wraith.
You peck the freezing wraith, but do no damage.
The freezing wraith is almost destroyed.
The freezing wraith hits you!
* * * LOW HITPOINT WARNING * * *
The freezing wraith freezes you. You resist.
* * * LOW HITPOINT WARNING * * *
The freezing wraith hits you.
* * * LOW HITPOINT WARNING * * *
Okay, then.
Okay, then.
The freezing wraith hits you but does no damage.
You block the freezing wraith's attack.
You feel yourself speed up. The freezing wraith hits you!
You die...

*≈ ###...###...#
..8.##≈≈##....## #..## #####
.....#≈ #....## #...###
###...## _....# ≈#..###
##....###....... .....# #...##
##............. ......*
##...### ####..........
...Z.## ≈###...###
*##......... ..8Z..##≈≈
###...### ##........
**#....##### ##.@WZ###
≈##.#....# ###...##.##
###Z...##≈ ####..##
#....##...## ###...## ##..#
#..###..#..########..#≈≈##..##
##...Z.###.....###..## #..## ,
##...## ##.....ZZ.## ≈ #...##
########.........# ≈ ≈##...##
,* #)[.........# ≈ ≈ ##...# ##
#.(.........# ≈≈ ##...#


You could see a freezing wraith and 2 troll simulacra.

Vanquished Creatures
  An unseen horror (D:9)
  An ugly thing (D:11)
  2 rime drakes (D:11)
  9 freezing wraiths (IceCv)
  5 slime creatures
  A hippogriff (D:8)
  A wyvern (D:7)
  2 yaks (D:9)
  Grum (D:11)
  A hungry ghost (D:8)
  An acid dragon (D:7)
  An orc warrior (D:10)
  A black bear (D:11)
  A phantom (D:10)
  4 sky beasts
  3 wolves (D:11)
  6 ice beasts (IceCv)
  2 ogres
  A necrophage (D:10)
  7 centaurs
  A big kobold (D:7)
  Blork the orc (D:6)
  2 bullfrogs
  A scorpion (D:6)
  A water moccasin skeleton (D:6)
  11 killer bees
  An elephant simulacrum (IceCv)
  4 howler monkeys
  A crimson imp (D:9)
  4 jellies
  4 orc priests
  5 hounds
  A centaur skeleton (D:10)
  10 worker ants
  5 iguanas
  7 orc wizards
  A polar bear simulacrum (IceCv)
  Ijyb (D:5)
  A troll simulacrum (IceCv)
  2 wolf simulacra (IceCv)
  2 centaur simulacra (IceCv)
  A hound zombie (D:9)
  A hound skeleton (D:6)
  10 gnolls
  2 ogre simulacra (IceCv)
  17 adders
  2 naga simulacra (IceCv)
  A shadow imp (D:7)
  12 white imps (IceCv)
  2 oozes
  An adder zombie (D:5)
  2 dart slugs
  4 leopard geckos
  47 orcs
  10 bats
  4 giant cockroaches
  4 hobgoblins
  10 jackals
  8 kobolds
  6 quokkas
  5 frilled lizards
  5 goblins
  5 rats
276 creatures vanquished.

Vanquished Creatures (collateral kills)
  Sigmund (D:3)
1 creature vanquished.

Vanquished Creatures (others)
  A two-headed ogre (D:9)
  A crimson imp (D:9)
  A draconian simulacrum (IceCv)
  A hobgoblin (D:1)
4 creatures vanquished.

Grand Total: 281 creatures vanquished

Notes
Turn   | Place    | Note
-------+----------+-------------------------------------------
     0 | D:1      | Amplified the Draconian Chaos Knight began the quest for
                  | the Orb.
     0 | D:1      | Reached XP level 1. HP: 19/19 MP: 1/1
   100 | D:1      | Reached XP level 2. HP: 23/26 MP: 2/2
   580 | D:2      | Reached XP level 3. HP: 31/33 MP: 3/3
   587 | D:2      | XOM: silly message
   595 | D:2      | XOM: mild Tmut miscast
   750 | D:2      | XOM: 1-stop teleportation journey
   876 | D:2      | XOM: divination: detect items
  1029 | D:3      | Reached XP level 4. HP: 33/40 MP: 4/4
  1125 | D:3      | XOM: harmless Summ miscast
  1391 | D:3      | Noticed Sigmund
  1396 | D:3      | XOM: summons friendly crimson imp
  1400 | D:3      | XOM: blink monster(s)
  1464 | D:3      | Killed Sigmund
  1464 | D:3      | Reached skill level 5 in Fighting
  1464 | D:3      | Reached skill level 4 in Polearms
  1464 | D:3      | Reached XP level 5. HP: 19/48 MP: 2/5
  1574 | D:3      | Reached XP level 6. HP: 30/56 MP: 6/6
  1979 | D:4      | Found a staircase to the Ecumenical Temple.
  2067 | D:4      | Reached skill level 5 in Polearms
  2285 | D:4      | Found Wotz's Food Shoppe.
  2285 | D:4      | XOM: polymorph gnoll -> kobold
  2299 | D:4      | Your scales start taking on an icy white colour.
  2299 | D:4      | Reached XP level 7. HP: 55/62 MP: 5/7
  2299 | D:4      | Gained mutation: Your flesh is cold resistant. (rC+) [White
                  | Draconian growth]
  2359 | D:4      | Identified the +2 robe "Siokaint" {rPois rN+++ Int-5
                  | Stlth-}
  2510 | D:4      | XOM: harmless Necr miscast
  2686 | D:5      | Entered Level 5 of the Dungeon
  2692 | D:5      | Reached skill level 5 in Dodging
  2756 | D:5      | Found a runed translucent door.
  2759 | D:5      | XOM: harmless Chrm miscast
  2766 | D:5      | Noticed Delarado's ghost (novice CeAM)
  2807 | D:5      | Reached skill level 6 in Polearms
  2810 | D:5      | Reached skill level 1 in Shields
  2916 | D:5      | Reached XP level 8. HP: 25/71 MP: 5/8
  2928 | D:5      | XOM: harmless Tloc miscast
  3101 | D:5      | XOM: harmless Summ miscast
  3102 | D:5      | Gained mutation: You passively map a small area around you.
                  | [potion of mutation]
  3102 | D:5      | Gained mutation: You have supernaturally acute eyesight.
                  | (SInv) [potion of mutation]
  3229 | D:5      | Found a shimmering altar of Xom.
  3230 | D:5      | Found a hazy altar of Hepliaklqana.
  3231 | D:5      | Noticed a spectral ugly thing
  4142 | D:3      | XOM: harmless Chrm miscast
  4322 | D:5      | Noticed Ijyb
  4332 | D:5      | Killed Ijyb
  4622 | D:6      | XOM: medium Tmut miscast
  4715 | D:6      | XOM: harmless Tmut miscast
  4748 | D:6      | XOM: 4-stop teleportation journey
  5019 | D:6      | Reached skill level 7 in Polearms
  5039 | D:6      | Noticed Blork the orc
  5049 | D:6      | Killed Blork the orc
  5096 | D:6      | Learned a level 1 spell: Confusing Touch
  5136 | D:6      | XOM: harmless Tloc miscast
  5461 | D:7      | Found Gysud's Food Shoppe.
  5814 | D:7      | Got a scorched spear
  5815 | D:7      | Identified the +11 spear of the Hall of Blades {venom, +Inv
                  | MR+ SInv} (You found it on level 7 of the Dungeon)
  5902 | D:7      | Identified the +1 ring mail of the Bull {rC+ rN+ rCorr}
  5904 | D:7      | Reached XP level 9. HP: 81/81 MP: 9/9
  5907 | D:7      | XOM: polymorph orc warrior -> acid dragon
  5939 | D:7      | XOM: fog
  5995 | D:7      | Reached skill level 8 in Polearms
  6019 | D:7      | Found a sparkling altar of Nemelex Xobeh.
  6067 | D:7      | XOM: stat loss: -1 Str (13/14)
  6068 | D:7      | XOM: confusion
  6126 | D:7      | XOM: give mutations
  6126 | D:7      | Lost mutation: You have supernaturally acute eyesight.
                  | (SInv) [Xom's mischief]
  6126 | D:7      | Gained mutation: Scrolls take you a little longer to read.
                  | [Xom's mischief]
  6126 | D:7      | Gained mutation: You are frail. (-10% HP) [Xom's mischief]
  6126 | D:7      | Gained mutation: You are very frail. (-20% HP) [Xom's
                  | mischief]
  6184 | D:8      | Found a glowing silver altar of Zin.
  6201 | D:8      | XOM: smoke on damage
  6202 | D:8      | Reached skill level 9 in Polearms
  6343 | D:8      | Noticed a queen bee
  6372 | D:8      | Reached skill level 10 in Polearms
  6388 | D:8      | XOM: give mutation
  6388 | D:8      | Gained mutation: Your flesh is very cold resistant. (rC++)
                  | [Xom's mischief]
  6393 | D:8      | XOM: harmless Erth miscast
  6587 | D:9      | Noticed a two-headed ogre
  6596 | D:9      | Killed a two-headed ogre
  6596 | D:9      | XOM: divine lightning
  6609 | D:9      | Noticed an unseen horror
  6614 | D:9      | Found Cyitag's Assorted Antiques.
  6614 | D:9      | XOM: 2-stop teleportation journey
  6620 | D:9      | Killed an unseen horror
  6620 | D:9      | Reached skill level 11 in Polearms
  6620 | D:9      | Reached XP level 10. HP: 37/72 MP: 10/10
  6670 | D:9      | Bought a dark potion for 22 gold pieces
  6737 | D:9      | Identified the ring "Naid" {Wiz Dex+4}
  6763 | D:9      | Noticed an obsidian statue
  6875 | D:9      | XOM: harmless Air miscast
  6881 | D:9      | XOM: confuse monster(s)
  6928 | D:9      | Found a burning altar of Makhleb.
  6967 | D:9      | XOM: give mutations
  6967 | D:9      | Lost mutation: You are very frail. (-20% HP) [Xom's
                  | mischief]
  6967 | D:9      | Gained mutation: Scrolls take you longer to read. [Xom's
                  | mischief]
  6967 | D:9      | Gained mutation: You have a beak for a mouth. [Xom's
                  | mischief]
  6967 | D:9      | Gained mutation: You are clumsy. (Dex -2) [Xom's mischief]
  7017 | D:10     | Entered Level 10 of the Dungeon
  7145 | D:10     | Learned a level 1 spell: Apportation
  7463 | D:10     | XOM: blink monster(s)
  7467 | D:10     | XOM: mild Necr miscast
  7500 | D:9      | Reached skill level 12 in Polearms
  7550 | D:9      | XOM: silly message
  7636 | D:10     | Found Zuloybbo's Armour Emporium.
  7640 | D:10     | Bought a +1 pair of boots of stealth for 198 gold pieces
  8317 | D:11     | XOM: noise
  8323 | D:11     | Noticed Grum
  8325 | D:11     | Reached skill level 13 in Polearms
  8328 | D:11     | Noticed a red ugly thing
  8330 | D:11     | Killed Grum
  8340 | D:11     | Killed a red ugly thing
  8392 | D:11     | Noticed a death yak
  8437 | D:11     | Found a frozen archway.
  8449 | D:11     | Reached XP level 11. HP: 71/85 MP: 11/11
  8478 | IceCv    | Entered an ice cave
  8612 | IceCv    | XOM: noise
  8704 | IceCv    | Reached skill level 14 in Polearms
  8837 | IceCv    | Reached skill level 1 in Evocations
  8884 | IceCv    | XOM: noise
  8889 | IceCv    | XOM: mild Tmut miscast
  8912 | IceCv    | XOM: potion effect (haste)
  8990 | IceCv    | Found an ancient bone altar of Kikubaaqudgha.
  9043 | IceCv    | XOM: harmless Conj miscast
  9152 | IceCv    | XOM: cast spell 'Summon Butterflies'
  9200 | IceCv    | XOM: cast spell 'Alistair's Intoxication'
  9205 | IceCv    | XOM: enchant monster (good)
  9216 | IceCv    | XOM: noise
  9263 | IceCv    | Slain by a freezing wraith

Levels and vault maps discovered:
D:1:      dpeg_arrival_concentric_ovals, layout_rooms
D:2:      layout_basic, lightli_corner_chamber
D:3:      layout_loops_corners, uniq_sigmund
D:4:      layout_loops_ring, minmay_temple_entry_crystal_x, serial_shops,
          nicolae_shop_trees, minmay_mini_jars
D:5:      layout_cave_pods, regret_index_temple_of_mockery, first_ration,
          ebering_ghost_sewer_d, minmay_circle_x, uniq_ijyb
D:6:      layout_loops_ring, uniq_blork_the_orc
D:7:      layout_loops_ring, nemelex_xobeh_ov_fountains_minmay, serial_shops,
          shop_fountains
D:8:      layout_rooms, basic_altar, david_nohive_1, item_on_display_b
D:9:      layout_cross, makhleb_heckhound_becter, serial_shops, shop,
          minivault_15
D:10:     layout_layer_cave, serial_shops, shop, hangedman_abyss_or_decor_slice
D:11:     layout_stronghold, dpeg_lair_monsters, david_orc_4,
          portal_ice_cave_rime, nicolae_qazlal_style_of_elements, uniq_sonja,
          uniq_grum
IceCv:    ice_cave_small_necro

Skill      XL: |  1  2  3  4  5  6  7  8  9 10 11 |
---------------+----------------------------------+-----
Fighting       | 4 5 6 8 9 |  9.1
Dodging        | 3 4 5 |  5.7
Polearms       | 4 5 6 7 11 13 14 | 14.0
Shields        | 1 4 |  4.6
Evocations     | 2 |  2.6

Action                   |  1- 3 |  4- 6 |  7- 9 | 10-12 || total
-------------------------+-------+-------+-------+-------++-------
Melee: Spear             |   105 |    97 |   150 |   376 ||   728
       Tailslap          |     6 |    13 |    50 |    40 ||   109
       War axe           |       |    14 |   221 |       ||   235
       Peck              |       |       |       |    54 ||    54
Throw: Javelin           |     1 |    11 |     2 |       ||    14
       Throwing net      |       |       |     1 |       ||     1
 Abil: Breathe Frost     |       |       |     1 |       ||     1
       Evoke Invisibilit |       |       |       |     1 ||     1
Evoke: Wand              |       |       |     4 |     6 ||    10
  Use: Potion            |     1 |     3 |     8 |     4 ||    16
       Scroll            |       |     4 |    13 |     4 ||    21
 Stab: Sleeping          |     1 |     1 |     2 |     1 ||     5
       Confused          |       |     1 |       |     1 ||     2
       Paralysed         |       |     1 |       |       ||     1
       Invisible         |       |       |     3 |       ||     3
       Distracted        |       |       |       |     1 ||     1
  Eat: Chunk             |       |     5 |    14 |     4 ||    23
       Ration            |       |       |       |     2 ||     2
Armor: Skin              |    16 |    17 |    86 |    49 ||   168
Dodge: Dodged            |    53 |    60 |   283 |   100 ||   496
Block: Buckler           |       |       |    78 |    65 ||   143
